%YAML 1.1
%TAG !u! tag:unity3d.com,2011:
--- !u!1 &3692172141437691532
GameObject:
  m_ObjectHideFlags: 0
  m_CorrespondingSourceObject: {fileID: 0}
  m_PrefabInstance: {fileID: 0}
  m_PrefabAsset: {fileID: 0}
  serializedVersion: 6
  m_Component:
  - component: {fileID: 3692172141437491054}
  - component: {fileID: 3692172141434531382}
  - component: {fileID: 3692172141437691531}
  - component: {fileID: 3692172141437691529}
  - component: {fileID: 3692172141437691528}
  - component: {fileID: 3692172141437691530}
  m_Layer: 9
  m_Name: Car (5)
  m_TagString: Untagged
  m_Icon: {fileID: 0}
  m_NavMeshLayer: 0
  m_StaticEditorFlags: 0
  m_IsActive: 1
--- !u!4 &3692172141437491054
Transform:
  m_ObjectHideFlags: 0
  m_CorrespondingSourceObject: {fileID: 0}
  m_PrefabInstance: {fileID: 0}
  m_PrefabAsset: {fileID: 0}
  m_GameObject: {fileID: 3692172141437691532}
  m_LocalRotation: {x: 0, y: 0, z: 0, w: 1}
  m_LocalPosition: {x: 51.39, y: 0.45, z: 15.6}
  m_LocalScale: {x: 50, y: 50, z: 50}
  m_Children:
  - {fileID: 8706754158034531657}
  m_Father: {fileID: 0}
  m_RootOrder: 0
  m_LocalEulerAnglesHint: {x: 0, y: 0, z: 0}
--- !u!33 &3692172141434531382
MeshFilter:
  m_ObjectHideFlags: 0
  m_CorrespondingSourceObject: {fileID: 0}
  m_PrefabInstance: {fileID: 0}
  m_PrefabAsset: {fileID: 0}
  m_GameObject: {fileID: 3692172141437691532}
  m_Mesh: {fileID: 4300000, guid: 5a4f86d32435a4c4ca96a487a3a32b8a, type: 3}
--- !u!54 &3692172141437691531
Rigidbody:
  m_ObjectHideFlags: 0
  m_CorrespondingSourceObject: {fileID: 0}
  m_PrefabInstance: {fileID: 0}
  m_PrefabAsset: {fileID: 0}
  m_GameObject: {fileID: 3692172141437691532}
  serializedVersion: 2
  m_Mass: 1
  m_Drag: 0
  m_AngularDrag: 0.05
  m_UseGravity: 1
  m_IsKinematic: 0
  m_Interpolate: 0
  m_Constraints: 0
  m_CollisionDetection: 0
--- !u!195 &3692172141437691529
NavMeshAgent:
  m_ObjectHideFlags: 0
  m_CorrespondingSourceObject: {fileID: 0}
  m_PrefabInstance: {fileID: 0}
  m_PrefabAsset: {fileID: 0}
  m_GameObject: {fileID: 3692172141437691532}
  m_Enabled: 1
  m_AgentTypeID: 0
  m_Radius: 0.02
  m_Speed: 3.5
  m_Acceleration: 8
  avoidancePriority: 50
  m_AngularSpeed: 120
  m_StoppingDistance: 0
  m_AutoTraverseOffMeshLink: 1
  m_AutoBraking: 1
  m_AutoRepath: 1
  m_Height: 0.014929529
  m_BaseOffset: 0.006
  m_WalkableMask: 4294967295
  m_ObstacleAvoidanceType: 0
--- !u!114 &3692172141437691528
MonoBehaviour:
  m_ObjectHideFlags: 0
  m_CorrespondingSourceObject: {fileID: 0}
  m_PrefabInstance: {fileID: 0}
  m_PrefabAsset: {fileID: 0}
  m_GameObject: {fileID: 3692172141437691532}
  m_Enabled: 1
  m_EditorHideFlags: 0
  m_Script: {fileID: 11500000, guid: 38175237fa599284181972de9bc03881, type: 3}
  m_Name: 
  m_EditorClassIdentifier: 
  targetPosition:
  - {fileID: 0}
  - {fileID: 0}
  - {fileID: 0}
  - {fileID: 0}
  - {fileID: 0}
  - {fileID: 0}
  - {fileID: 0}
  - {fileID: 0}
  - {fileID: 0}
  - {fileID: 0}
  - {fileID: 0}
  _speed: 3.5
  stop: 0
  target: 0
--- !u!65 &3692172141437691530
BoxCollider:
  m_ObjectHideFlags: 0
  m_CorrespondingSourceObject: {fileID: 0}
  m_PrefabInstance: {fileID: 0}
  m_PrefabAsset: {fileID: 0}
  m_GameObject: {fileID: 3692172141437691532}
  m_Material: {fileID: 0}
  m_IsTrigger: 0
  m_Enabled: 1
  serializedVersion: 2
  m_Size: {x: 0.02, y: 0.013264355, z: 0.04}
  m_Center: {x: 0, y: 0, z: 0}
--- !u!1 &8999154379013554418
GameObject:
  m_ObjectHideFlags: 0
  m_CorrespondingSourceObject: {fileID: 0}
  m_PrefabInstance: {fileID: 0}
  m_PrefabAsset: {fileID: 0}
  serializedVersion: 6
  m_Component:
  - component: {fileID: 8999154379013554417}
  - component: {fileID: 320836653638463511}
  - component: {fileID: 8999154379013554416}
  m_Layer: 8
  m_Name: DistanseControll
  m_TagString: Untagged
  m_Icon: {fileID: 0}
  m_NavMeshLayer: 0
  m_StaticEditorFlags: 0
  m_IsActive: 1
--- !u!4 &8999154379013554417
Transform:
  m_ObjectHideFlags: 0
  m_CorrespondingSourceObject: {fileID: 0}
  m_PrefabInstance: {fileID: 0}
  m_PrefabAsset: {fileID: 0}
  m_GameObject: {fileID: 8999154379013554418}
  m_LocalRotation: {x: -0.0000000218557, y: -0, z: -0, w: 1}
  m_LocalPosition: {x: 0.037599985, y: 0, z: 0}
  m_LocalScale: {x: 1, y: 1, z: 1}
  m_Children: []
  m_Father: {fileID: 8706754158034531657}
  m_RootOrder: 4
  m_LocalEulerAnglesHint: {x: 0, y: 0, z: 0}
--- !u!65 &320836653638463511
BoxCollider:
  m_ObjectHideFlags: 0
  m_CorrespondingSourceObject: {fileID: 0}
  m_PrefabInstance: {fileID: 0}
  m_PrefabAsset: {fileID: 0}
  m_GameObject: {fileID: 8999154379013554418}
  m_Material: {fileID: 0}
  m_IsTrigger: 1
  m_Enabled: 1
  serializedVersion: 2
  m_Size: {x: 0.01, y: 0.01, z: 0.02}
  m_Center: {x: 0.01, y: 0, z: 0}
--- !u!114 &8999154379013554416
MonoBehaviour:
  m_ObjectHideFlags: 0
  m_CorrespondingSourceObject: {fileID: 0}
  m_PrefabInstance: {fileID: 0}
  m_PrefabAsset: {fileID: 0}
  m_GameObject: {fileID: 8999154379013554418}
  m_Enabled: 1
  m_EditorHideFlags: 0
  m_Script: {fileID: 11500000, guid: d5029b4f75133ab499aa4aa45ec9cbf9, type: 3}
  m_Name: 
  m_EditorClassIdentifier: 
  car: {fileID: 3692172141437691528}
--- !u!1001 &8706754158034342525
PrefabInstance:
  m_ObjectHideFlags: 0
  serializedVersion: 2
  m_Modification:
    m_TransformParent: {fileID: 3692172141437491054}
    m_Modifications:
    - target: {fileID: 116448, guid: 039320a8f4b60c445acfae631ac0214f, type: 3}
      propertyPath: m_Name
      value: Car_1_Green
      objectReference: {fileID: 0}
    - target: {fileID: 485172, guid: 039320a8f4b60c445acfae631ac0214f, type: 3}
      propertyPath: m_LocalPosition.x
      value: 0
      objectReference: {fileID: 0}
    - target: {fileID: 485172, guid: 039320a8f4b60c445acfae631ac0214f, type: 3}
      propertyPath: m_LocalPosition.y
      value: 0
      objectReference: {fileID: 0}
    - target: {fileID: 485172, guid: 039320a8f4b60c445acfae631ac0214f, type: 3}
      propertyPath: m_LocalPosition.z
      value: 0
      objectReference: {fileID: 0}
    - target: {fileID: 485172, guid: 039320a8f4b60c445acfae631ac0214f, type: 3}
      propertyPath: m_LocalRotation.x
      value: 0.000000015454313
      objectReference: {fileID: 0}
    - target: {fileID: 485172, guid: 039320a8f4b60c445acfae631ac0214f, type: 3}
      propertyPath: m_LocalRotation.y
      value: -0.7071068
      objectReference: {fileID: 0}
    - target: {fileID: 485172, guid: 039320a8f4b60c445acfae631ac0214f, type: 3}
      propertyPath: m_LocalRotation.z
      value: 0.000000015454313
      objectReference: {fileID: 0}
    - target: {fileID: 485172, guid: 039320a8f4b60c445acfae631ac0214f, type: 3}
      propertyPath: m_LocalRotation.w
      value: 0.7071068
      objectReference: {fileID: 0}
    - target: {fileID: 485172, guid: 039320a8f4b60c445acfae631ac0214f, type: 3}
      propertyPath: m_RootOrder
      value: 0
      objectReference: {fileID: 0}
    - target: {fileID: 485172, guid: 039320a8f4b60c445acfae631ac0214f, type: 3}
      propertyPath: m_LocalEulerAnglesHint.x
      value: 0
      objectReference: {fileID: 0}
    - target: {fileID: 485172, guid: 039320a8f4b60c445acfae631ac0214f, type: 3}
      propertyPath: m_LocalEulerAnglesHint.y
      value: 0
      objectReference: {fileID: 0}
    - target: {fileID: 485172, guid: 039320a8f4b60c445acfae631ac0214f, type: 3}
      propertyPath: m_LocalEulerAnglesHint.z
      value: 0
      objectReference: {fileID: 0}
    - target: {fileID: 485172, guid: 039320a8f4b60c445acfae631ac0214f, type: 3}
      propertyPath: m_LocalScale.x
      value: 1
      objectReference: {fileID: 0}
    - target: {fileID: 485172, guid: 039320a8f4b60c445acfae631ac0214f, type: 3}
      propertyPath: m_LocalScale.y
      value: 1
      objectReference: {fileID: 0}
    - target: {fileID: 485172, guid: 039320a8f4b60c445acfae631ac0214f, type: 3}
      propertyPath: m_LocalScale.z
      value: 1
      objectReference: {fileID: 0}
    m_RemovedComponents: []
  m_SourcePrefab: {fileID: 100100000, guid: 039320a8f4b60c445acfae631ac0214f, type: 3}
--- !u!4 &8706754158034531657 stripped
Transform:
  m_CorrespondingSourceObject: {fileID: 485172, guid: 039320a8f4b60c445acfae631ac0214f,
    type: 3}
  m_PrefabInstance: {fileID: 8706754158034342525}
  m_PrefabAsset: {fileID: 0}
